 Dungeon Crawl Stone Soup version 0.30-a0-1008-g30c9307041 (webtiles) character file.

Game seed: 6233109981753449457

111482 DeathPants the Fighter (level 16, -3/134 HPs)
             Began as a Demonspawn Necromancer on Apr 5, 2023.
             Was an Initiate of Gozag.
             Slain by a spatial maelstrom (5 damage)
             ... on level 3 of the Abyss.
             The game lasted 01:28:15 (24124 turns).

DeathPants the Fighter (Demonspawn Necromancer)    Turns: 24124, Time: 01:28:16

Health: -3/134     AC: 14    Str: 12    XL:     16   Next: 9%
Magic:  0/26       EV: 30    Int: 22    God:    Gozag
Gold:   3847       SH:  0    Dex: 22    Spells: 11/29 levels left

rFire   + . .      SeeInvis .    a - +6 dagger "Uheeklaf" {speed, rCorr Str+3 Dex+3 Stlth-}
rCold   + . .      Faith    .    (no shield)
rNeg    . . .      Spirit   +    q - +2 robe {rC+ rF+}
rPois   .          Reflect  .    m - +2 hat {Int+3}
rElec   .          Rampage  .    t - +2 cloak {Stlth+}
rCorr   +                        (gloves unavailable)
Will    +....                    X - +2 pair of boots {Fly}
Stlth   +++++                    c - amulet of regeneration
HPRegen 0.00/turn                x - ring of the Hare {EV+10}
MPRegen 0.40/turn                E - +4 ring of slaying

@: mighty, sick, flying
A: spiny 1, magic shield, magic regeneration, magic link, sharp scales 2,
demonic touch 3
a: Renounce Religion, Potion Petition, Call Merchant, Bribe Branch


You were on level 3 of the Abyss.
You worshipped Gozag.
Gozag was most pleased with you.
You visited 3 branches of the dungeon, and saw 21 of its levels.
You visited the Abyss 1 time.
You also visited: Gauntlet.

You collected 6932 gold pieces.
You spent 1606 gold pieces at shops.
You paid 1479 gold pieces to Gozag.

Inventory:

Hand Weapons
 a - the +6 dagger "Uheeklaf" (weapon) {speed, rCorr Str+3 Dex+3 Stlth-}
   (You found it on level 3 of the Lair of Beasts)

   Str:       It affects your strength (+3).
   Dex:       It affects your dexterity (+3).
   rCorr:     It protects you from acid and corrosion.
   Stlth:     It makes you less stealthy.
 b - a +2 scimitar of flaming
 W - a +2 scimitar of electrocution
Missiles
 f - 3 throwing nets
 r - 5 curare-tipped darts
Armour
 m - a +2 hat of intelligence (worn)
 q - a +2 robe of resistance (worn)
 t - a +2 cloak of stealth (worn)
 X - a +2 pair of boots of flying (worn)
 Y - the +2 hat of the Lemon {rPois Will+}
   (You found it in a Gauntlet)

   rPois:     It protects you from poison.
   Will:      It increases your willpower.
Magical Staves
 w - a staff of death
Jewellery
 c - an amulet of regeneration (around neck)
 e - a ring of see invisible
 s - a +4 ring of protection
 v - a +6 ring of intelligence
 x - the ring of the Hare (left hand) {EV+10}
   (You took it off an orc warrior on level 9 of the Dungeon)

   [ring of evasion]

   EV:        It affects your evasion (+10).
 A - a ring of protection from fire
 D - a ring of protection from cold
 E - a +4 ring of slaying (right hand)
 F - a ring of wizardry
 O - the ring of Sin {rPois MP+9 Stlth+}
   (You bought it in a shop on level 3 of the Lair of Beasts)

   [ring of magical power]

   rPois:     It protects you from poison.
   MP:        It affects your magic capacity (+9).
   Stlth:     It makes you more stealthy.
Wands
 g - a wand of flame (10)
 B - a wand of polymorph (5)
 I - a wand of roots (1)
 J - a wand of paralysis (7)
 L - a wand of quicksilver (5)
 M - a wand of mindburst (6)
Scrolls
 d - 3 scrolls of magic mapping
 o - 4 scrolls of fog
 u - 10 scrolls of identify
 y - a scroll of butterflies
 G - a scroll of enchant armour
 H - 4 scrolls of teleportation
 N - 2 scrolls of vulnerability
 R - 2 scrolls of amnesia
Potions
 h - 3 potions of heal wounds
 i - 8 potions of curing
 j - 8 potions of attraction
 k - 2 potions of brilliance
 l - 2 potions of magic
 n - 6 potions of mutation
 p - 3 potions of cancellation
 z - 2 potions of berserk rage
 K - 4 potions of lignification
 S - a potion of ambrosia
Miscellaneous
 C - a box of beasts
 P - a tin of tremorstones (1/2)
 V - a lightning rod (4/4)


   Skills:
 * Level 14.4 Fighting
 - Level 6.2(10.7) Short Blades
 - Level 13.4(14.0) Long Blades
 + Level 1.9 Armour
 + Level 10.8 Dodging
 - Level 9.0 Stealth
 - Level 7.0 Spellcasting
 * Level 14.2 Necromancy


You had 11 spell levels left.
You knew the following spells:

 Your Spells              Type           Power      Damage    Failure   Level
a - Necrotise             Necr           100%       1d9       1%          1
b - Vampiric Draining     Necr           63%        2d10      1%          3
c - Agony                 Necr           63%        N/A       1%          5
d - Death's Door          Necr           31%        N/A       100%        9

Your spell library contained the following spells:

 Spells                   Type           Power      Damage    Failure   Level
 Apportation              Tloc           14%        N/A       9%          1
 Beastly Appendage        Tmut           14%        N/A       9%          1
 Foxfire                  Conj/Fire      28%        2x1d5     9%          1
 Freeze                   Ice            28%        1d5       9%          1
 Slow                     Hex            28%        N/A       9%          1
 Ensorcelled Hibernation  Hex/Ice        14%        N/A       12%         2
 Lesser Beckoning         Tloc           14%        N/A       12%         2
 Passwall                 Tmut/Erth      5%         N/A       12%         2
 Static Discharge         Conj/Air       14%        2-3/arc   12%         2
 Wereblood                Tmut           7%         N/A       12%         2
 Call Canine Familiar     Summ           7%         N/A       24%         3
 Confusing Touch          Hex            7%         N/A       24%         3
 Frozen Ramparts          Ice            14%        1d3       24%         3
 Gell's Gravitas          Tloc           7%         N/A       24%         3
 Hailstorm                Conj/Ice       7%         3d4       24%         3
 Ignite Poison            Fire/Tmut/Pois 7%         N/A       24%         3
 Portal Projectile        Hex/Tloc       14%        N/A       24%         3
 Spider Form              Tmut/Pois      7%         N/A       24%         3
 Summon Guardian Golem    Hex/Summ       7%         N/A       24%         3
 Swiftness                Air            7%         N/A       24%         3
 Teleport Other           Tloc           7%         N/A       24%         3
 Tukima's Dance           Hex            7%         N/A       24%         3
 Volatile Blastmotes      Fire/Tloc      14%        2d11      24%         3
 Airstrike                Air            3%         2d(1-17)  63%         4
 Animate Armour           Summ/Erth      14%        N/A       63%         4
 Fulminant Prism          Conj/Hex       3%         3d5       63%         4
 Ice Form                 Ice/Tmut       7%         N/A       63%         4
 Iskenderun's Mystic Bla  Conj/Tloc      7%         2d4       63%         4
 Leda's Liquefaction      Hex/Erth       3%         N/A       63%         4
 Olgreb's Toxic Radiance  Pois           7%         N/A       63%         4
 Passage of Golubria      Tloc           7%         N/A       63%         4
 Sticky Flame             Conj/Fire      7%         2d3       63%         4
 Summon Ice Beast         Ice/Summ       7%         N/A       63%         4
 Borgnjor's Revivificati  Necr           31%        N/A       85%         8
 Alistair's Intoxication  Tmut/Pois      4%         N/A       92%         5
 Blade Hands              Tmut           3%         N/A       92%         5
 Fireball                 Conj/Fire      3%         3d4       92%         5
 Lee's Rapid Deconstruct  Erth           3%         3d5*      92%         5
 Silence                  Hex/Air        3%         N/A       92%         5
 Iron Shot                Conj/Erth      3%         9d2       100%        6
 Plasma Beam              Fire/Air       3%         2x1d15    100%        6
 Starburst                Conj/Fire      3%         6d3       100%        6
 Orb of Destruction       Conj           3%         9d5       100%        7
 Spellforged Servitor     Conj/Summ      3%         N/A       100%        7
 Discord                  Hex            3%         N/A       100%        8
 Ignition                 Fire           3%         3d4       100%        8
 Lehudib's Crystal Spear  Conj/Erth      3%         10d3      100%        8
 Necromutation            Tmut/Necr      19%        N/A       100%        8
 Polar Vortex             Ice            3%         N/A       100%        9
 Animate Dead             Necr           Unusable   N/A       N/A         4

Dungeon Overview and Level Annotations

Branches:
Dungeon (15/15)            Temple (1/1) D:5            Lair (5/5) D:8
  Swamp (0/4) Lair:2       Spider (0/4) Lair:2        Slime (0/5) Lair:4
    Orc (0/2) D:10         Vaults (0/5) D:14        Gauntlet (visited)
 Depths: D:15

Altars:
Ashenzari
Cheibriados
Dithmenos
Gozag
Hepliaklqana
Kikubaaqudgha
Nemelex Xobeh
Okawaru
Qazlal
Ru
Sif Muna
Trog
Uskayaw
Wu Jian
Xom
Yredelemnul

Shops:
D:4 ((   D:14 =   Lair:3 =   Lair:5 (

Annotations:
D:15 exclusion: ice statue
Lair:2 exclusion: oklob plant


Innate Abilities, Weirdness & Mutations

You are partially covered in sharp spines.
When hurt, damage is shared between your health and your magic reserves.
You regenerate magic rapidly.
When low on magic, you restore magic in place of health.
You are mostly covered in razor-sharp scales. (AC +2, Slay +2)
Your touch may irresistibly damage your foes and sap their willpower.


Message History

The raiju blinks! 3 spatial vortices come into view.
The raiju misses you. The raiju is struck by your spines.
The raiju bites you but does no damage.
A spatial vortex comes into view.
Blink to where?
Press: ? - help, Dir - move target
As you read the scroll of blinking, it crumbles to dust.
The raiju is distracted by your dazzling golden aura.
A spatial vortex comes into view.
The worldbinder calls forth creatures from the Snake Pit!
The abyss shimmers again as the detected abyssal rune vanishes from your memory and reappears.
A tormentor is nearby!
You puncture the tormentor!
The tormentor is heavily wounded.
You puncture the tormentor!
The tormentor is severely wounded.
The tormentor calls on the powers of darkness!
Your body is wracked with pain!
* * * LOW HITPOINT WARNING * * *
You hit the tormentor.
You touch the tormentor!
You kill the tormentor!
The worldbinder calls forth creatures from the Snake Pit!
A spatial vortex comes into view.
A spatial vortex comes into view.
The spatial maelstrom is struck by your spines.
The spatial maelstrom closely misses you.
The spatial maelstrom completely misses you.
The black mamba is distracted by your dazzling golden aura.
The spatial maelstrom is distracted by your dazzling golden aura.
You feel ill.
The worldbinder calls forth creatures from the Snake Pit!
A smoke demon comes into view. 4 spatial vortices come into view.
The spatial maelstrom attacks as you move away!
The spatial maelstrom hits you!
* * * LOW HITPOINT WARNING * * *
Space warps around you. The spatial maelstrom hits you.
You die...
Your body crumbles into a pile of gold.

#. .. .## ## #⌠
####.. #.#
...##.....#. $ $
.....#.##..## v
#S$.#.N#v#.#
#xSx.@...#
#.....∩...#N.vv#.#..#
v . .h .. ###.v ..#
... .2h#..... #
v........ # .


.SS .. .vvvv∩##.## ##..... ...v.3...# .# ##### ⌠ ..h.v..8## . ....v.8#. .. ..
You could see 2 naga warriors, 6 spatial maelstroms, 6 spatial vortices, an
ancient zyme, a mana viper (summoned, expiring), a worldbinder, a black mamba
(summoned, unaware), a smoke demon (wandering) and a raiju (summoned).

Vanquished Creatures
  A bone dragon (Abyss:3)
  Gastronok (Lair:1)
  A balrug (Abyss:3)
  The ghost of sirJeffrey23 the Tainted, a journeyman DsFi of Yredelemnul (Lair:3)
  A very ugly thing (D:15)
  A minotaur (Gauntlet)
  A green death (Abyss:3)
  Snorg (D:10)
  Erolcha (D:11)
  Harold (D:11)
  2 rakshasas
  7 hydras
  2 vault guards (D:14)
  An ogre mage (D:15)
  7 centaur warriors
  A catoblepas (Lair:4)
  Erica (D:8)
  4 boulder beetles
  8 two-headed ogres
  2 tengu warriors
  12 death yaks
  A thrashing horror (Abyss:3)
  A skyshark (Lair:5)
  A goliath frog (Lair:5)
  3 skeletal warriors (D:14)
  2 large abominations (Abyss:3)
  A shadow demon (Abyss:3)
  A deep elf archer (D:14)
  A wizard (D:14)
  2 orc knights
  A harpy (D:9)
  A necromancer (D:14)
  A mana viper (shapeshifter) (D:9)
  2 deep elf pyromancers
  A wolf spider (D:15)
  5 cyclopes
  4 manticores
  A worldbinder (Abyss:3)
  20 ugly things
  A wolf spider (shapeshifter) (D:15)
  11 elephants
  3 black mambas
  An ice statue (Gauntlet)
  2 smoke demons (Abyss:3)
  A rime drake (Gauntlet)
  3 gargoyles
  A hellion (Abyss:3)
  11 komodo dragons
  21 cane toads
  An unseen horror (D:13)
  A freezing wraith (D:9)
  Psyche (D:12)
  A tengu conjurer (D:15)
  A yaktaur (D:15)
  A kobold demonologist (D:8)
  A tormentor (Abyss:3)
  3 polar bears
  5 trolls
  36 blink frogs
  A wolf spider simulacrum (D:15)
  3 meliai (D:15)
  A hornet (D:9)
  2 raiju (Gauntlet)
  Prince Ribbit (D:8)
  5 tyrant leeches
  18 slime creatures
  A centaur simulacrum (Abyss:3)
  4 shadows
  3 wraiths
  5 wyverns
  2 small abominations (Abyss:3)
  54 yaks
  4 basilisks
  18 humans (D:14)
  17 vampire mosquitoes
  2 steam dragons (D:6)
  Edmund (D:5)
  Grum (D:11)
  2 wargs (D:7)
  2 acid dragons
  7 water moccasins
  4 black bears
  4 ice beasts
  9 orc warriors
  A boggart (shapeshifter) (D:9)
  7 ogres
  8 wolves
  12 centaurs
  2 phantoms
  6 kobold brigands
  18 bullfrogs
  4 gnoll sergeants
  A scorpion (D:7)
  5 wights (D:7)
  7 killer bees
  2 howler monkeys
  2 electric eels (D:6)
  2 hounds
  A gnoll bouda (D:7)
  3 jellies
  5 orc priests
  Jessica (D:3)
  5 iguanas
  6 orc wizards
  A sleepcap (D:4)
  6 hell rats
  A lightning spire (Gauntlet)
  A boggart simulacrum (D:15)
  Robin (D:3)
  22 gnolls
  6 adders
  4 white imps
  An ufetubus (D:3)
  2 worms
  2 dart slugs
  48 orcs
  7 ball pythons
  3 bats (D:2)
  8 endoplasms
  2 giant cockroaches
  11 goblins
  15 hobgoblins
  22 kobolds
  3 quokkas
  4 frilled lizards
  3 rats
654 creatures vanquished.

Vanquished Creatures (others)
  A shadow (Abyss:3)
  2 humans (D:14)
  A neqoxec (Abyss:3)
  A warg (D:15)
  A gnoll (D:11)
  An orc (D:15)
  A bush (Lair:5)
  27 fungi
  83 plants
118 creatures vanquished.

Grand Total: 772 creatures vanquished

Notes
Turn   | Place    | Note
-------+----------+-------------------------------------------
     0 | D:1      | DeathPants the Demonspawn Necromancer began the quest for
                  | the Orb.
     0 | D:1      | Reached XP level 1. HP: 13/13 MP: 3/3
   232 | D:1      | Gained mutation: You regenerate magic rapidly. [demonic
                  | ancestry]
   232 | D:1      | Reached XP level 2. HP: 20/20 MP: 1/5
   335 | D:1      | Found a faded altar of an unknown god.
  1293 | D:1      | Reached skill level 1 in Fighting
  1303 | D:1      | Gained mutation: When hurt, damage is shared between your
                  | health and your magic reserves. [demonic ancestry]
  1303 | D:1      | Reached XP level 3. HP: 11/26 MP: 3/6
  1775 | D:2      | Gained mutation: Your touch may inflict minor irresistible
                  | damage on your foes. [demonic ancestry]
  1775 | D:2      | Reached XP level 4. HP: 30/32 MP: 0/7
  2143 | D:2      | Learned a level 3 spell: Vampiric Draining
  2545 | D:4      | Found Jolucuoc's Weapon Emporium.
  2608 | D:3      | Reached skill level 5 in Necromancy
  2883 | D:3      | Noticed Robin
  2892 | D:3      | Killed Robin
  2977 | D:4      | Reached XP level 5. HP: 37/38 MP: 9/9
  3115 | D:3      | Found a snail-covered altar of Cheibriados.
  3138 | D:3      | Reached skill level 1 in Short Blades
  3328 | D:3      | Found an ornate altar of the Wu Jian Council.
  3475 | D:3      | Found a hazy altar of Hepliaklqana.
  3647 | D:3      | Noticed Jessica
  3656 | D:3      | Killed Jessica
  3798 | D:3      | Found a shimmering blue altar of Sif Muna.
  3914 | D:4      | Noticed a phantom
  3925 | D:4      | Found Muaschua's Antique Weapon Emporium.
  3927 | D:4      | Killed a phantom
  3928 | D:4      | Gained mutation: Your touch may inflict irresistible damage
                  | on your foes. [demonic ancestry]
  3928 | D:4      | Reached XP level 6. HP: 35/46 MP: 7/10
  4091 | D:5      | Entered Level 5 of the Dungeon
  4492 | D:5      | Gained mutation: You are partially covered in razor-sharp
                  | scales. (AC +1, Slay +1) [demonic ancestry]
  4492 | D:5      | Reached XP level 7. HP: 44/52 MP: 9/12
  4668 | D:5      | Noticed Edmund
  4676 | D:5      | Killed Edmund
  4891 | D:5      | Reached XP level 8. HP: 44/60 MP: 1/14
  5019 | D:5      | Found a staircase to the Ecumenical Temple.
  5042 | Temple   | Entered the Ecumenical Temple
  5049 | Temple   | Became a worshipper of Gozag Ym Sagoz the Greedy
  5170 | D:5      | You fall into a shaft and drop 3 floors!
  5551 | D:6      | Learned a level 5 spell: Agony
  5677 | D:6      | Found a sacrificial altar of Ru.
  5733 | D:6      | Reached skill level 5 in Dodging
  5733 | D:6      | Reached skill level 5 in Spellcasting
  5828 | D:6      | Reached skill level 5 in Fighting
  5924 | D:6      | Gained mutation: You are partially covered in sharp spines.
                  | [demonic ancestry]
  5924 | D:6      | Reached XP level 9. HP: 68/68 MP: 16/16
  6976 | D:7      | Reached skill level 5 in Short Blades
  7366 | D:8      | Found a staircase to the Lair.
  7579 | D:8      | Noticed Prince Ribbit
  7591 | D:8      | Killed Prince Ribbit
  7698 | D:8      | Noticed Erica
  7705 | D:8      | Killed Erica
  7706 | D:8      | Gained mutation: You are mostly covered in razor-sharp
                  | scales. (AC +2, Slay +2) [demonic ancestry]
  7706 | D:8      | Reached XP level 10. HP: 61/77 MP: 12/17
  8001 | D:8      | Noticed a two-headed ogre
  8023 | D:8      | Killed a two-headed ogre
  8244 | D:8      | Noticed a two-headed ogre
  8264 | D:8      | Killed a two-headed ogre
  8844 | D:10     | Entered Level 10 of the Dungeon
  8961 | D:9      | Found a hide-covered altar of Uskayaw.
  8970 | D:9      | Found a sparkling altar of Nemelex Xobeh.
  9182 | D:9      | Noticed a two-headed ogre
  9197 | D:9      | Killed a two-headed ogre
  9226 | D:9      | Reached skill level 5 in Long Blades
  9226 | D:9      | Reached XP level 11. HP: 50/86 MP: 9/18
  9266 | D:9      | Found an iron altar of Okawaru.
  9503 | D:9      | Noticed a sixfirhy
  9716 | D:9      | Reached skill level 10 in Necromancy
  9840 | D:9      | Noticed an eight-headed hydra
  9852 | D:9      | Killed an eight-headed hydra
  9852 | D:9      | Noticed a six-headed hydra
  9859 | D:9      | Identified the +5 bardiche of Incongruity {freeze, rCorr}
  9859 | D:9      | Noticed a boulder beetle
  9859 | D:9      | Noticed a rakshasa
  9859 | D:9      | Noticed a deep elf pyromancer
  9940 | D:9      | Killed a rakshasa
  9992 | D:9      | Noticed a mana viper
 10004 | D:9      | Killed a mana viper
 10062 | D:9      | Identified the +0 kite shield of Eckouc {-Tele Harm
                  | *Corrode Str+9}
 10102 | D:9      | Killed a six-headed hydra
 10147 | D:9      | Killed a boulder beetle
 10198 | D:9      | Killed a deep elf pyromancer
 10213 | D:9      | Got Sif Muna's Compilation of Galvanic Hoarfrost
 10325 | D:9      | Noticed a harpy
 10325 | D:9      | Noticed a centaur warrior
 10328 | D:9      | Killed a harpy
 10346 | D:9      | Reached XP level 12. HP: 27/95 MP: 4/19
 10351 | D:9      | Killed a centaur warrior
 10670 | D:10     | Found a staircase to the Orcish Mines.
 10788 | D:10     | Found a bloodstained altar of Trog.
 10951 | D:11     | Noticed Harold
 11151 | D:10     | Noticed Snorg
 11208 | D:10     | Killed Snorg
 11644 | D:4      | Bought a runed dagger for 120 gold pieces
 11900 | D:11     | Noticed Grum
 11912 | D:11     | Killed Grum
 11948 | D:11     | Killed Harold
 11953 | D:11     | Noticed Sonja
 11954 | D:11     | Sonja changed into Sonja the ice beast
 11954 | D:11     | Noticed Sonja
 11962 | D:11     | Killed Sonja the ice beast
 11990 | D:11     | Noticed a two-headed ogre
 11994 | D:11     | Reached skill level 10 in Fighting
 12009 | D:11     | Killed a two-headed ogre
 12104 | D:11     | Noticed a boulder beetle
 12119 | D:11     | Killed a boulder beetle
 12210 | D:11     | Noticed Erolcha
 12220 | D:11     | Killed Erolcha
 12234 | D:11     | Noticed a two-headed ogre
 12240 | D:11     | Killed a two-headed ogre
 13072 | D:12     | Noticed Psyche
 13084 | D:12     | Killed Psyche
 13119 | D:12     | Gained mutation: Your touch may irresistibly damage your
                  | foes and sap their willpower. [demonic ancestry]
 13119 | D:12     | Reached XP level 13. HP: 103/103 MP: 20/20
 13146 | D:12     | Reached skill level 10 in Long Blades
 14272 | Lair:1   | Entered Level 1 of the Lair of Beasts
 14339 | Lair:1   | Reached skill level 10 in Dodging
 14845 | Lair:1   | Noticed Gastronok
 14862 | Lair:1   | Killed Gastronok
 15606 | Lair:2   | Found a staircase to the Swamp.
 16107 | Lair:2   | Found a hole to the Spider Nest.
 16755 | Lair:3   | Bought the ring of Sin {rPois MP+9 Stlth+} for 442 gold
                  | pieces
 16853 | Lair:3   | Found a basalt altar of Yredelemnul.
 17215 | Lair:3   | Found a runed translucent door.
 17223 | Lair:3   | Gained mutation: When low on magic, you restore magic in
                  | place of health. [demonic ancestry]
 17223 | Lair:3   | Reached XP level 14. HP: 113/113 MP: 24/24
 17223 | Lair:3   | Noticed sirJeffrey23's ghost (journeyman DsFi)
 17248 | Lair:3   | Killed sirJeffrey23's ghost
 17255 | Lair:3   | Identified the +6 dagger "Uheeklaf" {speed, rCorr Str+3
                  | Dex+3 Stlth-}
 17551 | Lair:4   | Found a staircase to the Slime Pits.
 17592 | Lair:5   | Entered Level 5 of the Lair of Beasts
 18520 | Lair:4   | Learned a level 1 spell: Necrotise
 18640 | Lair:5   | Found an opulent altar of Gozag.
 18799 | Lair:5   | Reached skill level 5 in Stealth
 19928 | Lair:5   | Identified the +1 chain mail "Nilud" {rF+ rCorr Dex+2}
 20035 | Lair:5   | Bought a +2 scimitar of electrocution for 264 gold pieces
 20618 | D:13     | Reached XP level 15. HP: 122/122 MP: 25/25
 20667 | D:14     | Found a gate leading to a gauntlet.
 20672 | Gauntlet | Entered a Gauntlet
 20672 | Gauntlet | Found a transporter.
 20681 | Gauntlet | Found a transporter.
 20683 | Gauntlet | Found a transporter.
 20738 | Gauntlet | Found a runed translucent door.
 20749 | Gauntlet | Found a transporter.
 20763 | Gauntlet | Found a runed translucent door.
 20787 | Gauntlet | Found a transporter.
 20787 | Gauntlet | Found a transporter.
 20787 | Gauntlet | Found a transporter.
 20818 | Gauntlet | Found a runed translucent door.
 20823 | Gauntlet | Identified a scroll of acquirement
 20824 | Gauntlet | Acquired a +2 cloak of stealth
 20832 | Gauntlet | Found a runed translucent door.
 20838 | Gauntlet | Found a transporter.
 20844 | Gauntlet | Found a transporter.
 20878 | Gauntlet | Identified the +2 hat of the Lemon {rPois Will+}
 20887 | Gauntlet | Identified the +7 great mace "Cihus" {flame, rElec rF-
                  | Will+}
 20930 | Gauntlet | Got the Elucidation of the Meteoric Salamander
 21347 | D:13     | Learned a level 9 spell: Death's Door
 22301 | D:14     | Found Ixonism's Jewellery Shoppe.
 22310 | D:14     | Bought a +4 ring of slaying for 780 gold pieces
 22324 | D:15     | Entered Level 15 of the Dungeon
 22626 | D:14     | Found a gate to the Vaults.
 22923 | D:15     | Paralysed by an ogre mage for 2 turns
 23734 | D:15     | Reached skill level 1 in Armour
 23774 | Abyss:3  | Cast into level 3 of the Abyss (a wizard)
 23805 | Abyss:3  | Found a corrupted altar of Lugonu.
 23823 | Abyss:3  | Noticed an Executioner
 23886 | Abyss:3  | Noticed a bone dragon
 23916 | Abyss:3  | Killed a bone dragon
 23917 | Abyss:3  | Reached XP level 16. HP: 93/134 MP: 18/26
 23979 | Abyss:3  | Found a corrupted altar of Lugonu.
 24124 | Abyss:3  | HP: 2/134 [spatial maelstrom (5)]
 24124 | Abyss:3  | Slain by a spatial maelstrom

Illustrated notes

Levels and vault maps discovered:
D:1:      minmay_arrival_shoal_huts, layout_basic, serial_forest,
          infiniplex_forest_end_2, infiniplex_forest_straight_3,
          infiniplex_forest_end_2, infiniplex_forest_lined_3,
          infiniplex_forest_straight_2, infiniplex_forest_clump_tiny,
          infiniplex_forest_corner_1, infiniplex_forest_clump_tiny,
          infiniplex_forest_lined_room_2, chequers_ecumenical_altar_simple_redux
D:2:      minmay_angry_zag, layout_loops_cross
D:3:      layout_basic, lemuel_coloured_pillars_altar, kennysheep_slug_shrine,
          tgw_sif, nicolae_hepliaklqana_hippocampus, uniq_robin
D:4:      layout_rooms, tso_metal_star, serial_shops,
          nicolae_shop_bloodbath_and_beyond, shop
D:5:      layout_loops_cross, minmay_temple_entry_offerings, uniq_edmund
D:6:      kennysheep_steamy, layout_loops_corners, mainiacjoe_overflow_paths,
          kennysheep_crisscross, chequers_big_river
D:7:      layout_rooms, lemuel_doored_altar, minmay_crystal_room
D:8:      layout_rooms, erik_lair_orcish_takeover, chequers_arboretum,
          uniq_prince_ribbit1, uniq_erica
D:9:      layout_irregular_city, okawaru_gym_becter, mainiacjoe_overflow_swirl,
          nicolae_rejected_hall
D:10:     cheibrodos_orc_bank, layout_basic, trog_ov_bears_minmay, uniq_snorg
D:11:     layout_basic, nicolae_elevator_lobby_plus, uniq_erolcha, uniq_harold,
          uniq_sonja, uniq_grum
D:12:     layout_loops_corners, uniq_psyche
D:13:     layout_grid_maze
D:14:     layout_basic, grunt_vaults_entry_tiered, serial_shops, shop,
          gauntlet_entry_generic
D:15:     gammafunk_enter_depths_forms, layout_rooms,
          portal_ice_cave_entry_ice_statue_one, gammafunk_ghost_hive,
          serial_bayou_pond_a, doesnt_xom_only_xom
Temple:   nicolae_temple_ecumenical_triangle
Lair:1:   layout_cave_pods, uniq_gastronok
Lair:2:   layout_long_grid, minmay_swamp_entry_worms, dummy_spider_entry
Lair:3:   layout_gridlike, ebering_ghost_inner_flame, basic_altar,
          infiniplex_staircase_pool_2
Lair:4:   layout_loops_ring, slime_entry_1, enter_volcano_1, st_stairs_9,
          kennysheep_catoblepas_arena
Lair:5:   minmay_lair_end_frog_pond, layout_cave_pods, basic_altar
Abyss:3:  base: D:6, base: IceCv, eino_small_chamber_without_monster,
          spicy_abyss_rude_harpoons,
          evilmike_nicolae_abyss_rune_containment_curve,
          evilmike_nicolae_abyss_rune_containment_curve,
          evilmike_nicolae_abyss_rune_containment_curve,
          eino_small_chamber_without_monster, minivault_11

Skill      XL: |  1  2  3  4  5  6  7  8  9 10 11 12 13 14 15 |
---------------+----------------------------------------------+-----
Dodging        | 2 3 4 5 6 7 8 9 10 | 10.8
Fighting       | 1 2 3 4 5 6 7 9 10 11 12 14 | 14.4
Necromancy     | 5 6 7 8 9 10 12 14 | 14.2
Short Blades   | 1 2 3 4 5 6 |  6.2
Spellcasting   | 3 4 5 6 7 |  7.0
Long Blades    | 5 7 9 11 13 | 13.4
Stealth        | 2 6 9 |  9.0
Armour         | 1 |  1.9

Action                     |  1- 3 |  4- 6 |  7- 9 | 10-12 | 13-15 | 16-18 || total
---------------------------+-------+-------+-------+-------+-------+-------++-------
  Melee: Unarmed           |     7 |       |       |       |       |       ||     7
         Short sword       |    41 |    38 |       |       |       |       ||    79
         Dagger            |       |   113 |   211 |   620 |  1536 |    57 ||  2537
         Touch             |       |    29 |    46 |   153 |   410 |    15 ||   653
         Punch             |       |       |     2 |     6 |    22 |       ||    30
  Throw: Dart              |       |       |       |     3 |     1 |       ||     4
   Cast: Necrotise         |    43 |     7 |     5 |    11 |     1 |       ||    67
         Vampiric Draining |       |       |     8 |    14 |     3 |       ||    25
         Agony             |       |       |       |     3 |    38 |       ||    41
 Invoke: Call Merchant     |       |       |       |       |     2 |       ||     2
  Evoke: Wand              |       |       |       |     1 |     1 |       ||     2
         Tin of tremorston |       |       |       |       |     1 |       ||     1
    Use: Potion            |     1 |     1 |       |     3 |     5 |     3 ||    13
         Scroll            |       |     6 |     4 |    14 |    16 |     1 ||    41
   Stab: Sleeping          |     1 |     4 |       |       |    10 |       ||    15
         Distracted        |       |       |     1 |     7 |    11 |       ||    19
 Armour: Leather armour    |    20 |    30 |    15 |       |       |       ||    65
         Robe              |     1 |       |    27 |   161 |   136 |    13 ||   338
  Dodge: Dodged            |    51 |    75 |   145 |   377 |   991 |    80 ||  1719

Table legend: (Time is in decaauts)
 A = Elapsed time spent in this place.
 B = Non-inter-level travel time spent in this place.
 C = Inter-level travel time spent in this place.
 D = Time resting spent in this place.
 E = Time spent auto-exploring this place.
 F = Levels seen in this place.
 G = Mean time per level.
                   A        B        C        D        E       F      G
               +--------+--------+--------+--------+--------+-----+--------+
         Total |  22982 |  21899 |   1083 |   1203 |  14228 |  23 |  999.2 |
       Dungeon |  16706 |  15910 |    796 |   1150 |  10490 |  15 | 1113.7 |
        Temple |     12 |      8 |      4 |      0 |      0 |   1 |   12.0 |
          Lair |   5737 |   5454 |    283 |     53 |   3683 |   5 | 1147.4 |
         Abyss |    302 |    302 |      0 |      0 |     12 |   1 |  302.0 |
      Gauntlet |    223 |    223 |      0 |      0 |     42 |   1 |  223.0 |
               +--------+--------+--------+--------+--------+-----+--------+

Top non-repeatable levels by time:
     D:9: 1695 daAuts
  Lair:5: 1692 daAuts
     D:1: 1570 daAuts
     D:6: 1477 daAuts
     D:3: 1384 daAuts
     D:8: 1318 daAuts
    D:12: 1266 daAuts
    D:13: 1243 daAuts
  Lair:1: 1147 daAuts
    D:11: 1109 daAuts
    D:14: 1071 daAuts
  Lair:2: 1013 daAuts
  Lair:4: 986 daAuts
     D:7: 976 daAuts
    D:10: 928 daAuts
